AoeStats
← Simon Stokvis

Arena

509622195Analyzed
4v4 RM · 3d ago on Sep 27, 2026· 23m 12s· 8 players
Game mode
Random Map
Map size
Large (8 player)
Population
200
Speed
Normal
Resources
Standard
Victory
Conquest
Starting age
Dark Age
Ending age
Imperial Age
RankedLock teamsTeams togetherTeam positionsShared explorationLock speedFull tech treeHidden civsTurbo modeCheats
Victory
Defeat
🇲🇽 Teutons · Mexico
1609
+15
🇳🇴 Khmer · Norway
1603
+15
🇺🇸 Mongols · United States
1567
+17
🇳🇱 Khmer · Netherlands
1546
+18
🇨🇳 Bengalis · China
1636
-17
🇬🇧 Celts · United Kingdom
1617
-18
🇨🇳 Vikings · China
1602
-17
🇫🇷 Mongols · France
1498
-13
Simon Stokvis
10:18 Feudal Age
13:15 Castle Age
daMastah2
9:19 Feudal Age
12:24 Castle Age
10:39 Double-Bit Axe
10:35 Horse Collar
13:27 Bow Saw
18:52 Heavy Plow
19:59 Wheelbarrow
23:17 Gold Mining
23:18 Stone Mining
Lastmantillidie
10:00 Feudal Age
11:03 Double-Bit Axe
14:09 Castle Age
12:05 Horse Collar
15:13 Bow Saw
15:31 Heavy Plow
20:12 Wheelbarrow
23:18 Fervor
Ux'Santo Enmascarado
5:36 Loom
8:31 Feudal Age
10:04 Fletching
12:49 Horse Collar
13:22 Double-Bit Axe
18:02 Wheelbarrow
18:43 Town Watch
22:31 Castle Age
21:09 Gold Mining
21:10 Stone Mining
23:29 Hand Cart
23:32 Bow Saw
23:39 Heavy Plow
CloudNood
10:53 Feudal Age
13:08 Double-Bit Axe
15:25 Castle Age
13:14 Horse Collar
16:23 Bow Saw
17:49 Wheelbarrow
21:19 Loom
21:44 Stone Mining
22:15 Gold Mining
投掷哥布林
10:21 Feudal Age
14:21 Castle Age
13:23 Double-Bit Axe
14:03 Horse Collar
20:00 Bow Saw
20:32 Heavy Plow
21:36 Scale Mail Armor
21:47 Squires
Gene_Parmesan__
11:23 Feudal Age
12:01 Loom
11:39 Man-at-Arms
12:32 Horse Collar
13:19 Double-Bit Axe
14:02 Loom
16:36 Arson
20:45 Castle Age
20:51 Long Swordsman
21:52 Bow Saw
21:44 Heavy Plow
张宇腾
10:32 Feudal Age
14:44 Castle Age
12:32 Double-Bit Axe
13:05 Horse Collar
15:55 Wheelbarrow
15:40 Heavy Plow
15:58 Bow Saw
17:35 Loom
Connection lost

Rejoining the realm…

Still unreachable

The connection could not be restored.

Session expired

The server has moved on; the page needs a fresh start.